AoeStats
← Oskar

Arena

509856767Analyzed
1v1 RM · 2d ago on Sep 28, 2026· 46m 18s· 2 players
Game mode
Random Map
Map size
Tiny (2 player)
Population
200
Speed
Normal
Resources
Standard
Victory
Conquest
Starting age
Dark Age
Ending age
Imperial Age
RankedLock teamsTeams togetherTeam positionsShared explorationLock speedFull tech treeHidden civsTurbo modeCheats
Victory
Defeat
🇳🇱 Mongols · Netherlands
950
+14
🇨🇿 Cumans · Czechia
907
-34
Mazy_bum
11:33 Feudal Age
12:14 Double-Bit Axe
15:15 Horse Collar
16:59 Wheelbarrow
22:27 Loom
25:00 Castle Age
23:54 Scale Barding Armor
24:01 Forging
24:41 Bloodlines
26:10 Chain Barding Armor
26:26 Iron Casting
26:00 Heavy Plow
26:50 Hand Cart
27:08 Bow Saw
26:56 Gold Mining
27:05 Stone Mining
32:51 Gold Shaft Mining
35:03 Imperial Age
32:56 Town Watch
33:41 Ballistics
33:18 Murder Holes
36:24 Crop Rotation
36:58 Two-Man Saw
35:32 Elite Steppe Lancer
35:35 Cavalier
38:18 Chemistry
37:30 Masonry
37:11 Heated Shot
38:03 Plate Barding Armor
37:46 Steppe Husbandry
38:08 Conscription
39:50 Blast Furnace
39:38 Paladin
Oskar
10:13 Feudal Age
15:06 Castle Age
13:41 Double-Bit Axe
13:51 Horse Collar
23:46 Bow Saw
26:00 Wheelbarrow
26:01 Heavy Plow
27:10 Hand Cart
27:11 Stone Mining
31:39 Imperial Age
30:16 Gold Mining
31:02 Stone Shaft Mining
32:05 Padded Archer Armor
31:56 Fletching
32:12 Scale Barding Armor
32:17 Forging
32:00 Elite Mangudai
33:09 Conscription
33:09 Drill
34:21 Ballistics
35:02 Chemistry
34:22 Leather Archer Armor
34:02 Bodkin Arrow
34:14 Husbandry
35:31 Bloodlines
35:28 Thumb Ring
35:49 Parthian Tactics
36:12 Iron Casting
35:57 Chain Barding Armor
37:15 Gold Shaft Mining
38:02 Bracer
39:03 Blast Furnace
37:54 Capped Ram
38:45 Siege Ram
39:48 Siege Engineers
39:56 Masonry
39:43 Murder Holes
40:00 Fortified Wall
Connection lost

Rejoining the realm…

Still unreachable

The connection could not be restored.

Session expired

The server has moved on; the page needs a fresh start.